 Dungeon Crawl Stone Soup version 0.27-a0-1591-gc56fcc9 (webtiles) character file.

Game seed: 9030224861106382363

3222 Illumine the Thaumaturge (level 9, -2/52 HPs)
             Began as a Deep Elf Conjurer on July 18, 2021.
             Shot with an arrow by a centaur (13 damage)
             ... on level 7 of the Dungeon.
             The game lasted 00:16:22 (8813 turns).

Illumine the Thaumaturge (Deep Elf Conjurer)        Turns: 8813, Time: 00:16:22

Health: -2/52      AC:  4    Str: 10    XL:     9   Next: 66%
Magic:  24/24      EV: 14    Int: 27    God:
Gold:   360        SH:  0    Dex: 13    Spells: 13/27 levels left

rFire    + . .     SeeInvis .   B - staff of conjuration
rCold    . . .     Faith    .   (no shield)
rNeg     . . .     Spirit   .   a - +0 robe
rPois    .         Reflect  .   f - +0 helmet
rElec    +         Harm     .   s - +0 cloak
rCorr    .         Rampage  .   (no gloves)
Will     .....                  (no boots)
Stlth    ++........             y - amulet of the Air {Inacc Air Fly rElec RMsl}
HPRegen  0.17/turn              q - ring of protection from fire
MPRegen  0.19/turn              C - +6 ring of strength

@: flying, repel missiles
A: no striking features
a: no special abilities


You were on level 7 of the Dungeon.
You visited 1 branch of the dungeon, and saw 7 of its levels.

You collected 360 gold pieces.

Inventory:

Hand Weapons
 h - a +3 short sword
Missiles
 r - 3 poisoned darts
 E - 5 throwing nets (quivered)
Armour
 a - a +0 robe (worn)
 f - a +0 helmet (worn)
 s - a +0 cloak (worn)
 G - a +1 scale mail of cold resistance
Magical Staves
 B - a staff of conjuration (weapon)
Jewellery
 g - an amulet of guardian spirit
 q - a ring of protection from fire (left hand)
 t - an amulet of regeneration
 y - the amulet of the Air (around neck) {Inacc Air Fly rElec RMsl}
   (You found it on level 4 of the Dungeon)

   [amulet of nothing]

   It reduces the accuracy of all your attacks.
   It enhances your air magic.
   rElec:     It insulates you from electricity.
   Fly:       It grants you flight.
   RMsl:      It protects you from missiles.
 C - a +6 ring of strength (right hand)
Wands
 l - a wand of charming (6)
Scrolls
 c - 2 scrolls of fear {unknown}
 d - 2 scrolls of fog
 e - a scroll of enchant armour {unknown}
 i - 3 scrolls of teleportation
 k - 2 scrolls of immolation
 m - 3 scrolls of vulnerability
 o - a scroll of acquirement {unknown}
 u - a scroll of torment {unknown}
 D - a scroll of enchant weapon {unknown}
 F - a scroll of blinking {unknown}
Potions
 b - 2 potions of lignification
 j - a potion of mutation {unknown}
 n - 3 potions of brilliance
 p - a potion of cancellation {unknown}
 v - a potion of resistance {unknown}
 w - a potion of flight {unknown}
 x - a potion of curing {unknown}
 z - 2 potions of heal wounds {unknown}
 A - a potion of haste {unknown}


   Skills:
 + Level 3.7 Fighting
 + Level 2.4 Staves
 + Level 6.2 Dodging
 - Level 2.4 Stealth
 * Level 9.7 Spellcasting
 + Level 7.4 Conjurations
 + Level 4.6 Translocations
 + Level 5.1 Fire Magic
 + Level 2.7 Evocations


You had 13 spell levels left.
You knew the following spells:

 Your Spells              Type           Power      Damage    Failure   Level
a - Magic Dart            Conj           100%       1d8       1%          1
b - Searing Ray           Conj           100%       3d7       1%          2
c - Dazzling Flash        Conj/Hex       100%       N/A       2%          3
d - Foxfire               Conj/Fire      100%       2x1d9     1%          1
e - Conjure Flame         Conj/Fire      63%        6-21      1%          3
f - Iskenderun's Mystic   Conj/Tloc      62%        2d13      3%          4

Your spell library contained the following spells:

 Spells                   Type           Power      Damage    Failure   Level
 Inner Flame              Hex/Fire       26%        N/A       4%          3
 Fulminant Prism          Conj/Hex       25%        3d14      10%         4


Dungeon Overview and Level Annotations

Branches:
Dungeon (7/15)
 Temple: D:4-7

Altars:

Shops:
D:3 (   D:6 (

Annotations:
D:4 2 runed translucent doors
D:7 Maggie


Message History

The centaur unwields a +0 shortbow.
The centaur hits you.
The centaur kicks you but does no damage.
The centaur wields a +0 shortbow.
The centaur shoots an arrow.
The arrow hits you.
The fire ignites!
The centaur shoots an arrow.
The arrow hits you!
The centaur shoots an arrow.
The arrow completely misses you.
The centaur shoots an arrow.
The arrow barely misses you.
The centaur shoots an arrow.
The arrow barely misses you.
The centaur shoots an arrow.
The arrow hits you.
The centaur shoots an arrow.
The arrow hits you.
Casting: Conjure Flame (safe; 1% risk of failure)
Confirm with . or Enter, or press ? or * to list all spells.
Okay, then.
Casting: Conjure Flame (safe; 1% risk of failure)
Confirm with . or Enter, or press ? or * to list all spells.
You feel a surge of power!
You conjure some foxfire!
The centaur shoots an arrow.
The arrow barely misses you.
Throw: 6 throwing nets
Press: ? - help, Q - select action, (/) - cycle Shift-Dir - straight line, f - centaur
Aim: a centaur, wielding a +0 shortbow and quivering arrows (lightly wounded, ally target, 50% to hit)
You throw a throwing net. The throwing net hits the centaur.
The centaur is caught in the net!
The centaur is lightly wounded.
The centaur struggles against the net.
The foxfire hits the centaur but does no damage.
The centaur is lightly wounded.
The foxfire hits the centaur.
The centaur is heavily wounded.
The centaur struggles against the net.
The centaur struggles against the net.
The net rips apart, and the centaur comes free!
The centaur shoots an arrow.
The arrow misses you.
The centaur shoots an arrow.
The arrow hits you!
* * * LOW HITPOINT WARNING * * *
The centaur shoots an arrow.
The arrow barely misses you.
The centaur shoots an arrow.
The arrow closely misses you.
The centaur shoots an arrow.
The arrow hits you.
* * * LOW HITPOINT WARNING * * *
The centaur shoots an arrow.
The arrow hits you!
You die...

#.# #.# #.# #.# ## #.# #. #####
#.# #. #...# #.# ########.
#...###.##########........
#...[[...@......c.@.......
#...###[##########.#######
#...#...# #...........##
#.).#.### #.###........#
##)##.#######.###..#######
######)##.#..................#
####......##.+...................
.........#####...........P.#.##.#
###....................PP≈.......


You could see a centaur.

Vanquished Creatures
  Harold (D:7)
  A cyclops (D:6)
  Edmund (D:5)
  An orc warrior (D:7)
  A water moccasin (D:6)
  A black bear (D:5)
  2 sky beasts (D:6)
  2 ice beasts
  An ogre (D:5)
  2 kobold brigands
  A phantom (D:5)
  2 scorpions
  A water moccasin zombie (D:6)
  A water moccasin skeleton (D:6)
  7 wights
  A hound (D:4)
  Crazy Yiuf (D:3)
  2 orc priests
  2 bullfrog skeletons
  A gnoll shaman (D:7)
  Ijyb (D:3)
  Natasha (thrice) (D:2)
  2 orc wizards
  2 hound zombies (D:5)
  A howler monkey zombie (D:6)
  4 gnolls (D:7)
  An adder (D:6)
  A white imp (D:7)
  An adder skeleton (D:4)
  2 worms
  3 dart slugs
  12 orcs
  7 bats
  6 endoplasms
  A giant cockroach (D:3)
  6 hobgoblins
  5 jackals
  A quokka (D:2)
  7 ball pythons
  3 frilled lizards
  5 goblins
  21 kobolds
  6 rats (D:1)
133 creatures vanquished.

Vanquished Creatures (others)
  162 foxfires
  10 plants
172 creatures vanquished.

Grand Total: 305 creatures vanquished

Notes
Turn   | Place    | Note
-------+----------+-------------------------------------------
     0 | D:1      | Illumine the Deep Elf Conjurer began the quest for the Orb.
     0 | D:1      | Reached XP level 1. HP: 10/10 MP: 6/6
   154 | D:1      | Found a faded altar of an unknown god.
   275 | D:1      | Reached XP level 2. HP: 15/15 MP: 4/8
   278 | D:1      | Learned a level 2 spell: Searing Ray
  1001 | D:1      | Reached skill level 4 in Spellcasting
  1278 | D:1      | Reached XP level 3. HP: 19/19 MP: 6/10
  1328 | D:1      | Reached skill level 5 in Conjurations
  1643 | D:2      | Learned a level 3 spell: Dazzling Flash
  1763 | D:2      | Noticed Natasha
  1768 | D:2      | Killed Natasha
  1769 | D:2      | Reached XP level 4. HP: 24/24 MP: 6/12
  1832 | D:2      | Learned a level 1 spell: Foxfire
  2081 | D:2      | Noticed Natasha
  2108 | D:2      | Killed Natasha
  2621 | D:2      | Noticed Natasha
  2628 | D:2      | Killed Natasha
  2843 | D:3      | Noticed Ijyb
  2863 | D:3      | Killed Ijyb
  2864 | D:3      | Reached skill level 1 in Fighting
  2864 | D:3      | Reached skill level 5 in Spellcasting
  2864 | D:3      | Reached XP level 5. HP: 29/29 MP: 10/14
  2989 | D:3      | Found Leocs's Antique Weapon Emporium.
  3003 | D:3      | Learned a level 3 spell: Conjure Flame
  3013 | D:3      | Reached skill level 1 in Fire Magic
  3103 | D:3      | Found a runed translucent door.
  3104 | D:3      | Noticed Crazy Yiuf
  3446 | D:3      | Killed Crazy Yiuf
  3599 | D:4      | Learned a level 4 spell: Iskenderun's Mystic Blast
  3782 | D:4      | Reached XP level 6. HP: 34/34 MP: 11/16
  3866 | D:4      | Reached skill level 1 in Translocations
  3918 | D:4      | Found a large runed translucent door.
  3918 | D:4      | Found a large runed translucent door.
  3919 | D:4      | Found the amulet of the Air {Inacc Air Fly rElec RMsl}
  3988 | D:4      | Reached skill level 6 in Spellcasting
  4067 | D:4      | Noticed an ice beast
  4072 | D:4      | Found a large runed translucent door.
  4072 | D:4      | Found a large runed translucent door.
  4816 | D:5      | Entered Level 5 of the Dungeon
  4943 | D:5      | Noticed Edmund
  4970 | D:5      | Killed Edmund
  4971 | D:5      | Reached XP level 7. HP: 39/39 MP: 0/18
  5409 | D:5      | Reached skill level 7 in Spellcasting
  6156 | D:6      | Reached XP level 8. HP: 45/45 MP: 15/21
  6320 | D:6      | Found Vaitzu Biota's Weapon Emporium.
  6494 | D:6      | Reached skill level 5 in Dodging
  6494 | D:6      | Reached skill level 8 in Spellcasting
  7221 | D:6      | Noticed a cyclops
  7310 | D:6      | Killed a cyclops
  7311 | D:6      | Reached skill level 1 in Staves
  7311 | D:6      | Reached skill level 1 in Evocations
  7311 | D:6      | Reached XP level 9. HP: 51/51 MP: 3/23
  7822 | D:7      | Reached skill level 9 in Spellcasting
  8340 | D:7      | Noticed Harold
  8600 | D:7      | Killed Harold
  8601 | D:7      | Reached skill level 5 in Fire Magic
  8777 | D:7      | Noticed Maggie
  8813 | D:7      | Shot with an arrow by a centaur

Illustrated notes

Levels and vault maps discovered:
D:1:      lightli_arrival_lavapool, layout_loops_corners,
          shapermc_ecumenical_altar_gd, amethyst_killhole,
          minmay_strange_pillars, lexackson_kobold_supper
D:2:      layout_rooms, serial_corexii_hall, chequers_hall_statues_wall_a,
          corexii_hall_statues_i, corexii_hall_statues_l,
          corexii_hall_statues_i, dk_noncrumbling_3, st_stairs_2, uniq_natasha
D:3:      layout_basic, serial_shops, shop, uniq_ijyb, uniq_crazy_yiuf_cottage
D:4:      layout_basic, kennysheep_big_empty_room, minmay_hollow_rounded_squares
D:5:      layout_loops_cross, cheibrodos_sewer_entry_bend, uniq_edmund
D:6:      layout_basic, serial_shops, shop
D:7:      layout_basic, minmay_temple_entry_offerings, serial_bayou_pond_c,
          columned_hall_lemuel, roderic_batcave, hangedman_decor_opposing,
          uniq_joseph, uniq_harold, uniq_maggie

Skill      XL: |  1  2  3  4  5  6  7  8  9 |
---------------+----------------------------+-----
Spellcasting   | 4 5 6 7 8 9 |  9.7
Conjurations   | 5 6 7 |  7.4
Fighting       | 1 2 3 |  3.7
Fire Magic     | 1 2 3 4 5 |  5.1
Dodging        | 3 4 5 6 |  6.2
Translocations | 1 2 4 |  4.6
Staves         | 1 2 |  2.4
Evocations     | 1 2 |  2.7
Stealth        | |  2.4

Action                   |  1- 3 |  4- 6 |  7- 9 || total
-------------------------+-------+-------+-------++-------
Melee: Short sword       |     1 |     3 |     4 ||     8
       Staff             |       |       |     1 ||     1
Throw: Dart              |       |     4 |     2 ||     6
       Throwing net      |       |       |     1 ||     1
 Cast: Magic Dart        |    71 |     1 |     4 ||    76
       Foxfire           |       |    55 |    45 ||   100
       Searing Ray       |       |    14 |    25 ||    39
       Conjure Flame     |       |     1 |     6 ||     7
       Iskenderun's Myst |       |       |    26 ||    26
  Use: Potion            |       |     1 |       ||     1
       Scroll            |       |     3 |     3 ||     6
Armor: Robe              |     1 |     2 |     9 ||    12
       Skin              |       |     5 |       ||     5
Dodge: Dodged            |     3 |    12 |    59 ||    74
       Repelled          |       |       |     1 ||     1

Table legend: (Time is in decaauts)
 A = Elapsed time spent in this place.
 B = Non-inter-level travel time spent in this place.
 C = Inter-level travel time spent in this place.
 D = Time resting spent in this place.
 E = Time spent auto-exploring this place.
 F = Levels seen in this place.
 G = Mean time per level.
                   A        B        C        D        E       F      G
               +--------+--------+--------+--------+--------+-----+--------+
         Total |   8825 |   8323 |    502 |   1635 |   5454 |   7 | 1260.7 |
       Dungeon |   8825 |   8323 |    502 |   1635 |   5454 |   7 | 1260.7 |
               +--------+--------+--------+--------+--------+-----+--------+

Top non-repeatable levels by time:
     D:6: 1769 daAuts
     D:1: 1459 daAuts
     D:4: 1444 daAuts
     D:5: 1398 daAuts
     D:2: 1200 daAuts
     D:3: 895 daAuts
     D:7: 658 daAuts
